 Dungeon Crawl Stone Soup version 0.31-a0-986-g5e6e4ef867 (webtiles) character file.

Game seed: 5118861794162486308

357 Vomitron the Slasher (level 6, -4/56 HPs)
             Began as a Hill Orc Monk on Nov 5, 2023.
             Slain by an ogre
             ... wielding a +0 giant club
              (14 damage)
             ... on level 4 of the Dungeon.
             The game lasted 00:05:30 (3931 turns).

Vomitron the Slasher (Hill Orc Monk)                Turns: 3931, Time: 00:05:31

Health: -4/56      AC:  7    Str: 18    XL:     6   Next: 64%
Magic:  6/6        EV: 11    Int: 10    God:
Gold:   144        SH:  0    Dex: 11    Spells: 5/5 levels left

rFire   . . .        a - +0 falchion
rCold   . . .        d - orb {light}
rNeg    . . .        g - +0 ring mail
rPois   .            w - +0 helmet of the Lost Path {+Inv Regen+ Str+4 Dex-4}
rElec   .            n - +0 cloak
rCorr   .            (no gloves)
SInv    .            (no boots)
Will    .....        (no amulet) Stlth
                     (no ring)
HPRegen 1.09/turn    (no ring)
MPRegen 0.10/turn

%: no passive effects
@: glowing
A: no striking features
a: Evoke Invisibility


You were on level 4 of the Dungeon.
You visited 1 branch of the dungeon, and saw 4 of its levels.

You collected 144 gold pieces.

Inventory:

Hand Weapons
 a - a +0 falchion (weapon)
 r - a +0 short sword of flaming
Armour
 b - a +0 robe
 d - an orb of light (worn)
 g - a +0 ring mail (worn)
 n - a +0 cloak (worn)
 u - an orb of mayhem
 w - the +0 helmet of the Lost Path (worn) {+Inv Regen+ Str+4 Dex-4}
   (You found it on level 3 of the Dungeon)

   Str+4:     It affects your strength (+4).
   Dex-4:     It affects your dexterity (-4).
   +Inv:      It lets you turn invisible.
   Regen+:    It increases your rate of health regeneration.
Jewellery
 e - an amulet of faith
 f - a ring of protection from fire
Wands
 q - a wand of flame (13)
 x - a wand of polymorph (13)
Scrolls
 h - 2 scrolls of teleportation
Potions
 c - 3 potions of ambrosia
 l - a potion of curing
 o - a potion of mutation
 s - a potion of might {unknown}
 t - a potion of degeneration {unknown}


   Skills:
 + Level 5.3 Fighting
 * Level 6.0 Long Blades
 + Level 3.1 Armour
 + Level 2.5 Dodging


You had 5 spell levels left.
You didn't know any spells.
Your spell library contained the following spells:

 Spells                   Type           Power      Damage    Failure   Level
 Cigotuvi's Dreadful Rot  Necr/Pois/Air  0%         N/A       69%         2
 Dispel Undead            Necr           0%         3d6       100%        4
 Death Channel            Necr           0%         N/A       100%        6


Dungeon Overview and Level Annotations

Branches:
Dungeon (4/15)             Temple (0/1) D:4

Altars:

Portals:
Abyss: D:3

Annotations:
D:3 2 transporters
D:4 Duvessa


Message History

Level annotation: 2 transporters
There is a stone staircase leading down here.
There is a stone staircase leading down here.
You climb downwards.
There is a stone staircase leading up here.
You hit the ogre.
The ogre is lightly wounded.
The ogre hits you with a +0 giant club.
You hit the ogre.
The ogre is moderately wounded.
The ogre hits you with a +0 giant club!!
You hit the ogre.
The ogre is moderately wounded.
You barely miss the ogre.
The ogre is moderately wounded.
The ogre hits you with a +0 giant club!
An orc comes into view.
It is wielding a +0 dagger and carrying a wand of mindburst.
You hit the ogre but do no damage.
The ogre is moderately wounded.
The ogre barely misses you.
Unknown command.
You slash the ogre!
The ogre is heavily wounded.
Unknown command.
You hit the ogre.
The ogre is heavily wounded.
The ogre barely misses you.
The orc zaps a wand.
Your mind is blasted!
* * * LOW HITPOINT WARNING * * *
Duvessa, Sister of Dowan comes into view.
She is wielding a +0 rapier.
Duvessa shouts!
Unknown command.
Unknown command.
Press: ? - help, v - describe, . - travel
Here: an orc, wielding a +0 dagger, wearing a +0 leather armour and carrying a wand of mindburst (haloed)
The floor.
Unknown command.
You hit the ogre but do no damage.
The ogre is heavily wounded.
The orc hits you but does no damage. The ogre hits you with a +0 giant club!
You die...

**,,,**,,,,
********###### ***,,,,,,,
*,,,,,,,,...?* ***,,,,,
*,,,,,,,,....* *,,,,,
*,,,,,,,,./.,* **,,,,
********'#e.,* **,,,
*,#.#######******,**
*,#O.......,,,,,*,,,
*,#@o######****,****
*,#<.......,,,*,*
*,####.....,*,,,*
*,,,,*,###.*******
****,*,,,*,,,,,,,***
*********'***,****,,,,,,,
*,,,,,,,,,,,,,* *,,,,,,,
*,******,,,,,,* *,,,,,,,
*,,,,,,+,,,,,,* *,,,,,,,


You could see Duvessa, an ogre and an orc.

Vanquished Creatures
  2 orc priests (D:3)
  Crazy Yiuf (D:2)
  Ijyb (D:3)
  An iguana (D:4)
  Natasha (thrice) (D:2)
  An orc wizard (D:3)
  3 adders
  A worm (D:2)
  2 dart slugs
  15 orcs (D:3)
  9 ball pythons
  3 bats
  4 endoplasms
  2 giant cockroaches
  7 goblins
  8 hobgoblins
  6 kobolds
  3 quokkas
  2 frilled lizards (D:1)
  6 rats
80 creatures vanquished.

Notes
Turn   | Place    | Note
-------+----------+-------------------------------------------
     0 | D:1      | Vomitron the Hill Orc Monk began the quest for the Orb.
     0 | D:1      | Reached XP level 1. HP: 19/19 MP: 1/1
   221 | D:1      | Reached XP level 2. HP: 26/27 MP: 2/2
   337 | D:1      | Reached skill level 1 in Armour
   459 | D:1      | Reached skill level 4 in Long Blades
   459 | D:1      | Reached XP level 3. HP: 31/33 MP: 3/3
   934 | D:2      | Found a runed translucent door.
   935 | D:2      | Noticed Crazy Yiuf
  1193 | D:2      | Reached XP level 4. HP: 39/40 MP: 4/4
  1740 | D:2      | Noticed Natasha
  1747 | D:2      | Killed Natasha
  1864 | D:2      | Noticed Natasha
  1872 | D:2      | Killed Natasha
  1873 | D:2      | Reached XP level 5. HP: 32/47 MP: 5/5
  1949 | D:2      | Killed Crazy Yiuf
  1950 | D:2      | Reached skill level 5 in Long Blades
  2216 | D:2      | Noticed Natasha
  2243 | D:2      | Killed Natasha
  2459 | D:3      | Reached skill level 5 in Fighting
  2459 | D:3      | Reached XP level 6. HP: 16/56 MP: 6/6
  2823 | D:3      | Noticed a small abomination
  3130 | D:3      | Found a transporter.
  3133 | D:3      | Found a one-way gate to the infinite horrors of the Abyss.
  3134 | D:3      | Found a transporter.
  3199 | D:3      | Identified the +0 helmet of the Lost Path {+Inv Regen+
                  | Str+4 Dex-4}
  3229 | D:3      | Noticed Ijyb
  3273 | D:3      | Killed Ijyb
  3274 | D:3      | Reached skill level 6 in Long Blades
  3818 | D:4      | Noticed a black bear
  3930 | D:4      | Noticed Duvessa
  3931 | D:4      | Slain by an ogre

Illustrated notes

Levels and vault maps discovered:
D:1:      minmay_arrival_nine_rooms, layout_loops_ring, serial_bayou,
          serial_bayou_pond_a, serial_bayou_shore_b, serial_bayou_shore_a,
          serial_bayou_pond_e, minmay_statues_item
D:2:      layout_basic, grunt_ministairs_3, kennysheep_nub,
          uniq_crazy_yiuf_cottage, uniq_natasha
D:3:      layout_basic, gammafunk_ghost_abyssal_escape, uniq_ijyb
D:4:      layout_basic, minmay_temple_entry_water_ring, serial_park_tiny_pond,
          minmay_mini_ossuary, uniq_duvessa, uniq_robin

Skill      XL: |  1  2  3  4  5  6 |
---------------+-------------------+-----
Armour         | 1 2 3 |  3.1
Fighting       | 4 5 |  5.3
Long Blades    | 4 5 6 |  6.0
Dodging        | |  2.5

Action                     |  1- 3 |  4- 6 || total
---------------------------+-------+-------++-------
  Melee: Falchion          |    92 |   198 ||   290
         Unarmed           |       |    20 ||    20
  Evoke: Wand              |       |     1 ||     1
    Use: Scroll            |       |     9 ||     9
 Armour: Robe              |     4 |       ||     4
         Ring mail         |    39 |   108 ||   147
         Skin              |       |     6 ||     6
  Dodge: Dodged            |    43 |   124 ||   167

Table legend: (Time is in decaauts)
 A = Elapsed time spent in this place.
 B = Non-inter-level travel time spent in this place.
 C = Inter-level travel time spent in this place.
 D = Time resting spent in this place.
 E = Time spent auto-exploring this place.
 F = Levels seen in this place.
 G = Mean time per level.
                   A        B        C        D        E       F      G
               +--------+--------+--------+--------+--------+-----+--------+
         Total |   3981 |   3632 |    349 |    525 |   2373 |   4 |  995.2 |
       Dungeon |   3981 |   3632 |    349 |    525 |   2373 |   4 |  995.2 |
               +--------+--------+--------+--------+--------+-----+--------+

Top non-repeatable levels by time:
     D:2: 1584 daAuts
     D:3: 1401 daAuts
     D:1: 819 daAuts
     D:4: 175 daAuts
